 Dungeon Crawl Stone Soup version 0.28-a0-925-gd5e1996cdb (webtiles) character file.

Game seed: 212118190584252256

107 croobank the Insei (level 4, -3/28 HPs)
             Began as an Octopode Transmuter on Nov 27, 2021.
             Slain by a gnoll (7 damage)
             ... on level 5 of the Dungeon.
             The game lasted 00:13:22 (3680 turns).

croobank the Insei (Octopode Transmuter)            Turns: 3680, Time: 00:13:23

Health: -3/28      AC:  1    Str: 10    XL:     4   Next: 86%
Magic:  1/7        EV: 17    Int: 15    God:
Gold:   153        SH:  0    Dex: 12    Spells: 1/7 levels left

rFire   . . .      SeeInvis .   a - +1 short sword (vamp)
rCold   + . .      Faith    .   (no shield)
rNeg    . . .      Spirit   .   (helmet currently unavailable)
rPois   .          Reflect  .   (no amulet)
rElec   .          Harm     .   d - +4 ring of evasion
rCorr   .          Rampage  .   e - ring of protection from cold
Will    .....                   (no ring)
Stlth   +++.......              (no ring)
HPRegen 0.09/turn               (no ring)
MPRegen 0.10/turn               (no ring)
                                (no ring)
                                (no ring)

@: appendages (expiring), wereblooded
A: tentacle spike 3, almost no armour, amphibious, 8 rings, camouflage 1,
gelatinous body 1, (nimble swimmer 1), tentacles
a: End Transformation


You were on level 5 of the Dungeon.
One of your tentacles had grown a beastly spike.
You visited 1 branch of the dungeon, and saw 5 of its levels.

You collected 153 gold pieces.

Inventory:

Hand Weapons
 a - a +1 vampiric short sword (weapon)
 c - a +0 spear
Missiles
 f - 74 stones
 g - 32 sling bullets
 h - 45 poisoned darts
Jewellery
 d - a +4 ring of evasion (left tentacle)
 e - a ring of protection from cold (right tentacle)
Wands
 j - a wand of polymorph (10)
Scrolls
 k - a scroll of noise
Potions
 i - a potion of resistance


   Skills:
 + Level 1.1 Fighting
 * Level 2.1 Short Blades
 + Level 2.2 Dodging
 + Level 1.8 Stealth
 + Level 3.4 Unarmed Combat
 + Level 2.4 Spellcasting
 + Level 2.8 Transmutations


You had one spell level left.
You knew the following spells:

 Your Spells              Type           Power      Damage    Failure   Level
a - Beastly Appendage     Tmut           20%        N/A       7%          1
b - Wereblood             Tmut           10%        N/A       11%         2
c - Spider Form           Tmut/Pois      6%         N/A       34%         3

Your spell library contained the following spells:

 Spells                   Type           Power      Damage    Failure   Level
 Ice Form                 Ice/Tmut       6%         N/A       75%         4


Dungeon Overview and Level Annotations

Branches:
Dungeon (5/15)
 Temple: D:4-7

Altars:
Okawaru

Shops:
D:2 [   D:4 *


Innate Abilities, Weirdness & Mutations

One of your tentacles has grown a beastly spike.
You cannot wear most types of armour.
You are amphibious.
You can wear up to eight rings at the same time.
Your skin changes colour to match your surroundings (Stealth+).
Your rubbery body absorbs attacks. (AC +1, EV +1)
((You are camouflaged near water. (Stealth+)))
You have tentacles for arms and can constrict up to eight enemies at once.


Message History

Found a stone staircase leading up.
Casting: Wereblood (safe; 11% risk of failure)
Confirm with . or Enter, or press ? or * to list all spells.
One of your tentacles grows a vicious spike.
A gnoll comes into view. It is wielding a +0 spear.
The endoplasm quivers.
The gnoll shouts!
A gnoll comes into view. It is wielding a +0 club. x2
The endoplasm closely misses you.
The gnoll shouts! x2
You puncture the endoplasm!
You kill the endoplasm!
The ball python bites you.
* * * LOW HITPOINT WARNING * * *
The ball python grabs you. The ball python constricts you.
* * * LOW HITPOINT WARNING * * *
You escape the ball python's grasp.
A gnoll comes into view. It is wielding a +0 club.
Found a leather armour.
Okay, then.
Okay, then.
As you read the scroll labelled QAALIS GOZUW, it crumbles to dust.
The scroll dissolves into smoke.
It was a scroll of fog.
The ball python barely misses you. x2; The gnoll closely misses you.
Casting: Beastly Appendage (safe; 7% risk of failure)
Confirm with . or Enter, or press ? or * to list all spells.
Your blood is infused with primal strength.
The ball python closely misses you. The ball python barely misses you.
The gnoll misses you. The ball python misses you.
The ball python barely misses you. The gnoll closely misses you.
There is a stone staircase leading down here.
Your transformation is almost over.
The ball python completely misses you. The ball python misses you.
The gnoll closely misses you.
You climb downwards.
Found a stone staircase leading down.
There is a stone staircase leading up here.
The gnoll hits you from afar with a +0 spear!
You die...

#######.#
#.@S....#
#.##g.###
... ....>
.....
.......
..####.
##.###. .
#. .. #.
## #.


You could see a gnoll and a ball python.

Vanquished Creatures
  An iguana (D:3)
  2 adders (D:2)
  A white imp (D:3)
  A worm (D:3)
  A dart slug (D:1)
  6 endoplasms
  2 giant cockroaches
  6 hobgoblins
  3 kobolds
  A quokka (D:2)
  4 ball pythons
  5 bats
  7 frilled lizards
  7 goblins
  4 rats
51 creatures vanquished.

Notes
Turn   | Place    | Note
-------+----------+-------------------------------------------
     0 | D:1      | croobank the Octopode Transmuter began the quest for the
                  | Orb.
     0 | D:1      | Reached XP level 1. HP: 13/13 MP: 3/3
   512 | D:1      | Reached XP level 2. HP: 18/18 MP: 3/5
   748 | D:1      | Learned a level 2 spell: Wereblood
  1376 | D:1      | Reached XP level 3. HP: 23/23 MP: 4/6
  1501 | D:2      | Found Taataul's Antique Armour Emporium.
  1505 | D:2      | Reached skill level 1 in Stealth
  1837 | D:2      | Reached skill level 1 in Short Blades
  2685 | D:2      | Reached XP level 4. HP: 28/28 MP: 5/7
  2732 | D:3      | Found an iron altar of Okawaru.
  2903 | D:3      | Learned a level 3 spell: Spider Form
  3634 | D:4      | Noticed a scorpion
  3645 | D:4      | Found Ruughob's Assorted Antiques.
  3651 | D:4      | Noticed a phantom
  3679 | D:5      | Entered Level 5 of the Dungeon
  3680 | D:5      | Slain by a gnoll

Illustrated notes

Levels and vault maps discovered:
D:1:      saegor_arrival_miasma, layout_loops_corners
D:2:      layout_basic, serial_shops, shop, palyth_stone_intersect,
          st_stairs_12, roderic_roman_lattice
D:3:      layout_loops_cross, mainiacjoe_overflow_catwalk,
          mrwooster_statue_mirror
D:4:      layout_rooms, serial_shops, shop,
          nicolae_ossuary_entry_false_entrances
D:5:      layout_basic, nicolae_uskayaw_suspiria,
          minmay_temple_entry_purple_smoke, gammafunk_ghost_mausoleum

Skill      XL: |  1  2  3  4 |
---------------+-------------+-----
Stealth        | 1 |  1.8
Short Blades   | 1 2 |  2.1
Fighting       | |  1.1
Dodging        | |  2.2
Unarmed Combat | |  3.4
Spellcasting   | |  2.4
Transmutations | |  2.8

Action                   |  1- 3 |  4- 6 || total
-------------------------+-------+-------++-------
Melee: Unarmed           |    16 |       ||    16
       Constrict         |    20 |    10 ||    30
       Kick              |    14 |     8 ||    22
       Punch             |     2 |       ||     2
       Short sword       |    49 |    36 ||    85
       Tentacles         |     5 |     7 ||    12
 Cast: Beastly Appendage |    33 |    12 ||    45
       Wereblood         |       |     3 ||     3
  Use: Potion            |     2 |     2 ||     4
       Scroll            |     2 |     5 ||     7
 Stab: Sleeping          |     6 |     1 ||     7
Armor: Skin              |     5 |       ||     5
Dodge: Dodged            |    44 |    41 ||    85

Table legend: (Time is in decaauts)
 A = Elapsed time spent in this place.
 B = Non-inter-level travel time spent in this place.
 C = Inter-level travel time spent in this place.
 D = Time resting spent in this place.
 E = Time spent auto-exploring this place.
 F = Levels seen in this place.
 G = Mean time per level.
                   A        B        C        D        E       F      G
               +--------+--------+--------+--------+--------+-----+--------+
         Total |   3680 |   3633 |     47 |    623 |   2398 |   5 |  736.0 |
       Dungeon |   3680 |   3633 |     47 |    623 |   2398 |   5 |  736.0 |
               +--------+--------+--------+--------+--------+-----+--------+

Top non-repeatable levels by time:
     D:1: 1434 daAuts
     D:2: 1293 daAuts
     D:3: 904 daAuts
     D:4: 47 daAuts
     D:5: 0 daAuts
